 Dungeon Crawl Stone Soup version 0.13.0-26-gf7ffa3a (webtiles) character file.

12696 MackTheKnife the Nimble (level 11, -30/76 HPs)
             Began as a Merfolk Transmuter on Oct 31, 2013.
             Was a Priest of Fedhas.
             Killed from afar by a lindwurm (47 damage)
             ... with a blast of flame
             ... on Level 2 of the Lair of Beasts.
             The game lasted 00:28:10 (11812 turns).

MackTheKnife the Nimble (Merfolk Transmuter)       Turns: 11812, Time: 00:28:10

HP -30/76        AC 13     Str 18 (19) XL: 11   Next: 91%
MP   0/16        EV 23     Int 12 (13) God: Fedhas [***...]
Gold 376         SH  0     Dex 21      Spells:  4 memorised,  5 levels left

Res.Fire  : . . .   See Invis. : .   g - +10,+6 mithril axe "Arga" {speed, MR+ Str+2}
Res.Cold  : . . .   Warding    : .   H - +5 ring mail "Plueczoth" {Dex+4 Int+1 Dam+4}
Life Prot.: . . .   Conserve   : .   (no shield)
Res.Poison: +       Res.Corr.  : .   O - +0 winged helmet
Res.Elec. : .       Clarity    : .   (no cloak)
Sust.Abil.: . .     Spirit.Shd : +   (no gloves)
Res.Mut.  : .       Stasis     : .   y - +1 pair of dwarf boots
Res.Rott. : .       Flight     : +   o - amulet of guardian spirit
Saprovore : . . .                    v - ring of poison resistance
                                     L - ring of regeneration

@: about to teleport, mighty, flying (expiring), quite resistant to hostile
enchantments, unstealthy
A: change form in water, swift swim
a: Evolution, Sunlight, Growth, Renounce Religion


You were on level 2 of the Lair of Beasts.
You worshipped Fedhas.
Fedhas was most pleased with you.
You were very hungry.

You visited 3 branches of the dungeon, and saw 13 of its levels.

You collected 692 gold pieces.
You spent 336 gold pieces at shops.


   Skills:
 + Level 4.6 Fighting
 + Level 10.3 Axes
 - Level 14.5 Dodging
 - Level 0.2 Stealth
 - Level 5.9 Unarmed Combat
 - Level 2.0 Spellcasting
 - Level 5.5 Transmutations
 - Level 3.7 Poison Magic


You had 5 spell levels left.
You knew the following spells:

 Your Spells              Type           Power        Failure   Level  Hunger
g - Regeneration          Chrm/Necr      #.........   85%         3    ####...
x - Spider Form           Trmt/Pois      ##........   14%         3    ####...
y - Sticks to Snakes      Trmt           ##........   6%          2    ###....
z - Beastly Appendage     Trmt           ##....       3%          1    ##.....

Inventory:

Hand weapons
 g - the +10,+6 mithril axe "Arga" (weapon) {speed, MR+ Str+2}
   (You found it on level 4 of the Dungeon)

   Attacks with this weapon take half as long, but cause slightly less damage.
   It affects your strength (+2).
   It affects your resistance to hostile enchantments.
Missiles
 b - 29 arrows
Armour
 t - the -1 pair of gloves of the Doldrums {+Blink MR+ Str-2}
   (You acquired it on level 1 of the Lair of Beasts)

   It affects your strength (-2).
   It affects your resistance to hostile enchantments.
   It lets you blink.
 y - a +1 pair of dwarven boots (worn)
 H - the +5 ring mail "Plueczoth" (worn) {Dex+4 Int+1 Dam+4}
   (You bought it in a shop on level 8 of the Dungeon)

   It affects your intelligence (+1).
   It affects your dexterity (+4).
   It affects your damage-dealing abilities (+4).
 O - a +0 winged helmet (worn)
Magical devices
 f - a wand of teleportation (8)
 n - a wand of polymorph (1)
 B - a wand of polymorph (14)
 M - a wand of polymorph (6)
Comestibles
 a - 4 bread rations
 k - 4 meat rations
 p - 2 apples
 w - a pear
 C - a sausage
 G - 5 sultanas
Scrolls
 s - a scroll of magic mapping
 F - a scroll of teleportation
 J - a scroll of identify
 K - 2 scrolls of remove curse
Jewellery
 d - an uncursed ring of positive energy
 l - an uncursed ring of protection from magic
 o - an amulet of guardian spirit (around neck)
 r - an uncursed ring of protection from fire
 v - a ring of poison resistance (right hand)
 D - an uncursed amulet of conservation
 L - a ring of regeneration (left hand)
Potions
 c - a potion of flight
 e - a potion of berserk rage
 i - 8 potions of curing
 m - a potion of confusion {unknown}
 q - 2 potions of agility {unknown}
 u - 2 potions of poison {unknown}
 x - a potion of heal wounds {unknown}
 z - a potion of restore abilities {unknown}
 A - a potion of brilliance
Miscellaneous
 P - a fan of gales
Rods
 h - a +1 lightning rod (13/13) {!a}
   (You found it on level 1 of the Lair of Beasts)

▒·····≈#≈≈≈≈≈≈#≈≈≈··##·▒
▒▒···≈#≈≈≈≈≈##≈#≈≈≈··#·▒
▒···#≈≈≈≈≈≈####≈≈≈≈≈···▒
····##≈≈#≈··#·≈≈≈≈≈#···▒▒
···##≈≈≈#··▒▒···≈≈≈≈≈···▒
···#####··▒▒▒▒··≈#≈≈≈··▒▒
···≈≈≈##·▒·££·▒··≈≈#≈··▒▒▒
··≈≈≈#≈·▒▒£|}?▒▒%###≈≈···▒
··≈≈≈≈≈·▒▒?>=l▒▒m#≈≈≈≈··▒▒
···≈≈###·▒·(l·▒ll###≈···▒
··###≈≈≈··▒ ▒▒#l≈####···▒
|·#≈≈≈≈≈···▒▒···≈####··▒▒
····#≈≈≈#≈#·?·≈≈≈≈#≈·#··▒
····≈≈###≈≈≈≈≈≈#≈≈≈≈·#··▒
·····≈≈≈≈#≈≈≈#≈≈##≈···▒▒▒
▒▒····≈≈≈≈≈≈#≈≈##≈····▒
▒▒▒···#·≈≈#≈≈≈≈≈······▒


You could see 3 lindwurms.


Message History

The lindwurm barely misses you.
The lindwurm claws you but does no damage.
Read which item? (? for menu, Esc to quit)
Okay, then.
You slice the lindwurm!!
You kill the lindwurm!
Unknown command.
Read which item? (? for menu, Esc to quit)
Okay, then.
Drink which item? (? for menu, Esc to quit)
You feel better.
The lindwurm bites you but does no damage.
The lindwurm completely misses you.
The lindwurm claws you but does no damage.
The lindwurm hisses menacingly.
Read which item? (? for menu, Esc to quit)
As you read the scroll of teleportation, it crumbles to dust.
You feel strangely unstable. The lindwurm completely misses you.
The lindwurm closely misses you. The lindwurm misses you.
The lindwurm bites you.
* * * LOW HITPOINT WARNING * * *
The lindwurm closely misses you.
The lindwurm claws you but does no damage.
Drink which item? (? for menu, Esc to quit)
You feel better. The lindwurm breathes fire at you.
The blast of flame hits you!
Ouch! That really hurt!
You die...
Fedhas appreciates your contribution to the ecosystem.

Action                   |  1- 3 |  4- 6 |  7- 9 | 10-12 || total
-------------------------+-------+-------+-------+-------++-------
Melee: Unarmed           |   103 |   167 |       |       ||   270
       Broad axe         |       |     6 |   381 |   432 ||   819
 Cast: Beastly Appendage |     6 |     7 |     4 |       ||    17
       Sticks to Snakes  |     1 |     1 |       |       ||     2
       Spider Form       |       |     3 |     1 |       ||     4
 Abil: End Transformatio |       |     1 |       |       ||     1
Evoke: Wand              |       |     4 |     5 |    13 ||    22
  Use: Scroll            |     1 |    10 |    12 |     9 ||    32
       Potion            |       |     2 |       |     4 ||     6
 Stab: Sleeping          |       |     1 |     3 |       ||     4
       Confused          |       |       |       |     3 ||     3

Vault maps used:
D:1:      dpeg_entry_short_road
D:2:      minitemple, first_bread, uniq_jessica, uniq_iyjb, uniq_terence
D:3:      uniq_grinder
D:4:      infiniplex_staircase_river, uniq_edmund
D:5:      uniq_duvessa
D:6:      temple_fountains, uniq_menkaure, uniq_sigmund
D:7:      lemuel_blue_sif_altar
D:8:      serial_bayou_shore_b, minmay_orc_entry_guard_dogs, serial_shops,
          shop_statue, shop, shop, serial_teleporters_loot_3
D:9:      lair_0_dummy, minmay_nine_imps
D:10:     serial_shops, shop, roderic_serpentine_path, minmay_misc_feat_square,
          uniq_sonja
Temple:   circular_temple_12
Lair:2:   eino_small_chamber_without_monster, minmay_lindwurm_lava, uniq_fannar

Notes
Turn   | Place    | Note
--------------------------------------------------------------
     0 | D:1      | MackTheKnife, the Merfolk Transmuter, began the quest for the Orb.
     0 | D:1      | Reached XP level 1. HP: 15/15 MP: 1/1
    39 | D:1      | Reached skill level 4 in Unarmed Combat
    39 | D:1      | Reached XP level 2. HP: 18/21 MP: 0/3
    91 | D:1      | Reached skill level 3 in Transmutations
   228 | D:1      | Learned a level 2 spell: Sticks to Snakes
   660 | D:1      | Reached XP level 3. HP: 26/26 MP: 2/4
  1128 | D:2      | Learned a level 3 spell: Spider Form
  1378 | D:2      | Noticed Jessica
  1389 | D:2      | Killed Jessica
  1389 | D:2      | Reached skill level 1 in Poison Magic
  1389 | D:2      | Reached XP level 4. HP: 25/32 MP: 0/6
  1745 | D:2      | Noticed Ijyb
  2078 | D:2      | Noticed Terence
  2094 | D:2      | Killed Terence
  2390 | D:2      | Found a burning altar of Makhleb.
  2400 | D:2      | Found a basalt altar of Yredelemnul.
  2534 | D:2      | Killed Ijyb
  2534 | D:2      | Reached skill level 4 in Transmutations
  2534 | D:2      | Reached skill level 2 in Poison Magic
  2534 | D:2      | Reached XP level 5. HP: 35/37 MP: 1/7
  2700 | D:3      | Reached skill level 5 in Unarmed Combat
  3022 | D:3      | Noticed Grinder
  3035 | D:3      | Killed Grinder
  3035 | D:3      | Reached skill level 5 in Transmutations
  3035 | D:3      | Reached skill level 3 in Poison Magic
  3035 | D:3      | Reached XP level 6. HP: 23/43 MP: 5/9
  3528 | D:4      | Reached XP level 7. HP: 40/48 MP: 10/10
  3572 | D:4      | Reached skill level 3 in Dodging
  3616 | D:4      | Reached skill level 1 in Axes
  3853 | D:4      | Reached skill level 4 in Dodging
  4311 | D:4      | Reached skill level 2 in Axes
  4494 | D:4      | Noticed Edmund
  4506 | D:4      | Killed Edmund
  4506 | D:4      | Reached skill level 5 in Dodging
  4525 | D:4      | Reached XP level 8. HP: 45/55 MP: 12/12
  4557 | D:4      | Reached skill level 3 in Axes
  4666 | D:5      | Entered Level 5 of the Dungeon
  4702 | D:5      | Reached skill level 6 in Dodging
  4820 | D:5      | Noticed Duvessa
  4820 | D:5      | Noticed Dowan
  4835 | D:5      | Killed Dowan
  4838 | D:5      | Killed Duvessa
  5108 | D:5      | Paralysed by a giant eyeball for 4 turns
  5214 | D:5      | Reached skill level 4 in Axes
  5403 | D:5      | Reached skill level 7 in Dodging
  5683 | D:6      | Noticed Sigmund
  5693 | D:6      | Killed Sigmund
  5869 | D:6      | Found a staircase to the Ecumenical Temple.
  5885 | Temple   | Entered the Ecumenical Temple
  5920 | Temple   | Became a worshipper of Fedhas Madash
  6010 | D:6      | Noticed Menkaure
  6017 | D:6      | Killed Menkaure
  6017 | D:6      | Reached skill level 8 in Dodging
  6062 | D:6      | Reached skill level 5 in Axes
  6062 | D:6      | Reached XP level 9. HP: 57/60 MP: 13/13
  6523 | D:7      | Found a deep blue altar of Sif Muna.
  6702 | D:7      | Reached skill level 9 in Dodging
  6795 | D:7      | Paralysed by a giant eyeball for 3 turns
  7223 | D:8      | Acquired Fedhas' first power
  7252 | D:8      | Found a staircase to the Orcish Mines.
  7271 | D:8      | Reached skill level 6 in Axes
  7279 | D:8      | Reached skill level 10 in Dodging
  7501 | D:8      | Found Ankais' Assorted Antiques.
  7505 | D:8      | Bought a dazzling ring mail for 243 gold pieces
  7505 | D:8      | Bought a scroll of identify for 54 gold pieces
  7506 | D:8      | Identified the +5 ring mail "Plueczoth" {Dex+4 Int+1 Dam+4} (You bought it in a shop on level 8 of the Dungeon)
  7795 | D:8      | Reached skill level 11 in Dodging
  7994 | D:8      | Reached XP level 10. HP: 59/66 MP: 15/15
  8004 | D:8      | Reached skill level 7 in Axes
  8070 | D:8      | Found Cloes' Antique Weapon Shoppe.
  8096 | D:8      | Found Cryp's General Store.
  8106 | D:8      | Bought a scroll of remove curse for 39 gold pieces
  8123 | D:8      | Learned a level 3 spell: Regeneration
  8472 | D:9      | Found a staircase to the Lair.
  8891 | D:9      | Reached skill level 12 in Dodging
  8944 | D:10     | Entered Level 10 of the Dungeon
  8944 | D:10     | Noticed a hill giant
  8955 | D:10     | Killed a hill giant
  8955 | D:10     | Reached skill level 8 in Axes
  9311 | D:10     | Noticed a hill giant
  9327 | D:10     | Killed a hill giant
  9391 | D:10     | Noticed Sonja
  9433 | D:10     | Found Yrin Gang's Book Shoppe.
  9522 | D:10     | Noticed a hill giant
  9588 | D:9      | Reached skill level 13 in Dodging
  9798 | D:10     | Killed a hill giant
  9798 | D:10     | Reached XP level 11. HP: 64/71 MP: 13/16
  9800 | D:10     | Acquired Fedhas' second power
 10227 | Lair:1   | Entered Level 1 of the Lair of Beasts
 10290 | Lair:1   | Reached skill level 9 in Axes
 10357 | Lair:2   | Reached skill level 14 in Dodging
 10789 | Lair:1   | Identified a scroll of acquirement
 10792 | Lair:1   | Got a pair of faintly glowing gloves
 10793 | Lair:1   | Identified the -1 pair of gloves of the Doldrums {+Blink MR+ Str-2} (You acquired it on level 1 of the Lair of Beasts)
 11194 | Lair:2   | Reached skill level 2 in Fighting
 11251 | Lair:2   | Acquired Fedhas' third power
 11385 | Lair:2   | Reached skill level 3 in Fighting
 11385 | Lair:2   | Reached skill level 10 in Axes
 11575 | Lair:2   | Noticed Fannar
 11592 | Lair:2   | Killed Fannar
 11592 | Lair:2   | Reached skill level 4 in Fighting
 11795 | Lair:2   | Noticed a lindwurm
 11795 | Lair:2   | Noticed a lindwurm
 11795 | Lair:2   | Noticed a lindwurm
 11795 | Lair:2   | Noticed a lindwurm
 11808 | Lair:2   | HP: 5/75 [lindwurm/blast of flame (17)]
 11809 | Lair:2   | Killed a lindwurm
 11812 | Lair:2   | Killed from afar by a lindwurm

Vanquished Creatures
  Fannar (Lair:2)
  3 hill giants (D:10)
  A lindwurm (Lair:2)
  5 spiny frogs
  Grinder (D:3)
  A hydra zombie (D:8)
  2 komodo dragons
  10 blink frogs
  A trapdoor spider (D:10)
  A hippogriff (Lair:2)
  A manticore (D:8)
  Edmund (D:4)
  Menkaure (D:6)
  2 orc warriors (D:9)
  A necrophage (D:10)
  A porcupine (Lair:1)
  An ice beast (D:9)
  4 phantoms
  4 ogres
  Sigmund (D:6)
  Duvessa (D:5)
  6 centaurs
  3 crocodiles
  A big kobold (D:10)
  A water moccasin (Lair:2)
  4 wargs (D:8)
  9 giant frogs
  An agate snail (Lair:2)
  A manticore skeleton (D:8)
  3 jellies
  A hippogriff skeleton (D:10)
  A yak skeleton (D:7)
  3 goliath beetles
  12 crimson imps
  Dowan (D:5)
  6 orc priests
  A quasit (D:7)
  2 hounds (D:4)
  3 worker ants
  10 orc wizards
  2 scorpions
  6 sheep (Lair:1)
  A water moccasin skeleton (D:6)
  4 iguanas
  Ijyb (D:2)
  Jessica (D:2)
  Terence (D:2)
  A mummy (D:8)
  A worker ant zombie (D:7)
  13 adders
  A gnoll (D:1)
  A shadow imp (D:9)
  A giant centipede (Lair:1)
  3 giant mites
  3 white imps (D:9)
  An adder skeleton (D:7)
  4 giant eyeballs
  5 giant geckos
  2 oozes
  25 orcs
  15 bats
  10 giant cockroaches
  13 hobgoblins
  11 jackals
  14 kobolds
  7 quokkas
  5 ball pythons
  A giant gecko zombie (D:8)
  5 giant newts
  14 goblins
  A hobgoblin skeleton (D:4)
  3 kobold skeletons
  14 rats
  A rat zombie (D:6)
304 creatures vanquished.

Vanquished Creatures (others)
  68 toadstools
68 creatures vanquished.

Grand Total: 372 creatures vanquished
